 Dungeon Crawl Stone Soup version 0.22-a0-32-ga749362 (webtiles) character file.

133450 Gorglomux the Fighter (level 16, -3/145 HPs)
             Began as a Purple Draconian Artificer on Jan 3, 2018.
             Was the Champion of Yredelemnul.
             Slain by Mara (illusionary)
             ... wielding a +2 demon blade of flaming
              (15 damage)
             ... on level 4 of the Spider Nest.
             The game lasted 01:43:17 (27863 turns).

Gorglomux the Fighter (Purple Draconian Artificer) Turns: 27863, Time: 01:43:18

Health: -3/145     AC: 12    Str: 16    XL:     16   Next: 59%
Magic:  30/40      EV: 21    Int: 13    God:    Yredelemnul [******]
Gold:   1820       SH:  8    Dex: 16    Spells: 23/37 levels left

rFire    . . .     SeeInvis .   b - +9 dagger (elec)
rCold    . . .     Gourm    .   G - +3 buckler
rNeg     . . .     Faith    .   (armour unavailable)
rPois    .         Spirit   .   (helmet restricted)
rElec    .         Reflect  .   X - +2 cloak
rCorr    .         Harm     .   (no gloves)
MR       ++...                  (no boots)
Stlth    ++........             r - amulet of regeneration
HPRegen  0.74/turn              i - ring of wizardry
MPRegen  0.27/turn              p - ring of magical power

@: short of breath, death channel, studying Maces & Flails
A: breathe power, unfitting armour, cold-blooded, AC +9
a: Breathe Dispelling Energy, Recall Undead Slaves, Injury Mirror, Animate Dead,
Drain Life, Enslave Soul, Renounce Religion


You were on level 4 of the Spider Nest.
You worshipped Yredelemnul.
Yredelemnul was exalted by your worship.
You were hungry.

You visited 4 branches of the dungeon, and saw 27 of its levels.
You also visited: Bailey.

You collected 2940 gold pieces.
You spent 1120 gold pieces at shops.

Inventory:

Hand Weapons
 b - a +9 dagger of electrocution (weapon)
Missiles
 Z - 3 throwing nets (quivered)
Armour
 j - a scarf of cloud immunity
 G - a +3 buckler (worn)
 X - a +2 cloak (worn)
Jewellery
 c - a +5 ring of strength {unknown}
 g - an uncursed ring of resist corrosion
 i - a ring of wizardry (left hand)
 p - a ring of magical power (right hand)
 r - an amulet of regeneration (around neck)
 s - an uncursed ring of see invisible
 t - a +3 amulet of reflection
 H - an uncursed ring of positive energy
Wands
 A - a wand of acid (15)
 D - a wand of digging (14)
 E - a wand of enslavement (40)
 I - a wand of iceblast (10)
 O - a wand of clouds (13)
 P - a wand of paralysis (13)
 S - a wand of scattershot (3)
Scrolls
 e - a scroll of summoning
 o - 5 scrolls of fog
 q - a scroll of fear
 B - 10 scrolls of blinking
 C - 3 scrolls of amnesia
 J - 2 scrolls of enchant armour
 M - 4 scrolls of magic mapping
 R - a scroll of identify
 T - 9 scrolls of teleportation
 V - 10 scrolls of remove curse
Potions
 k - 9 potions of heal wounds
 l - 2 potions of magic {unknown}
 m - 7 potions of mutation {!q}
 n - a potion of invisibility
 u - 2 potions of cancellation {unknown}
 x - 4 potions of flight {unknown}
 y - 6 potions of might
 z - 2 potions of agility
 F - 7 potions of haste
 K - 4 potions of lignification
 L - a potion of brilliance {unknown}
 Q - 7 potions of curing
 W - a potion of berserk rage
Books
 h - a book of the Tempests

   Spells                             Type                      Level
   a - Static Discharge               Conjuration/Air              3
   b - Lightning Bolt                 Conjuration/Air              5
   c - Ignition                       Fire                         8
   d - Tornado                        Air                          9
   e - Shatter                        Earth                        9
 v - a book of Necromancy

   Spells                             Type                      Level
   a - Pain                           Necromancy                   1
   b - Animate Skeleton               Necromancy                   1
   c - Vampiric Draining              Necromancy                   3
   d - Regeneration                   Charms/Necromancy            3
   e - Animate Dead                   Necromancy                   4
   f - Borgnjor's Vile Clutch         Necromancy/Earth             5
 w - a book of Unlife

   Spells                             Type                      Level
   a - Recall                         Summoning/Translocation      3
   b - Animate Dead                   Necromancy                   4
   c - Borgnjor's Vile Clutch         Necromancy/Earth             5
   d - Death Channel                  Necromancy                   6
   e - Simulacrum                     Ice/Necromancy               6
 N - a manual of Maces & Flails
Miscellaneous
 U - a box of beasts
 Y - a lamp of fire
Comestibles
 d - 2 chunks of flesh
 f - 23 rations


   Skills:
 + Level 13.8 Fighting
 - Level 8.1 Short Blades
 + Level 12.1 Dodging
 - Level 0.8 Stealth
 - Level 4.0 Shields
 - Level 11.0 Spellcasting
 + Level 13.3 Necromancy
 - Level 10.1 Earth Magic
 + Level 12.2 Invocations
 - Level 6.0 Evocations


You had 23 spell levels left.
You knew the following spells:

 Your Spells              Type           Power        Failure   Level  Hunger
a - Borgnjor's Vile Clut  Necr/Erth      #####.....   1%          5    #####..
b - Death Channel         Necr           #####.....   2%          6    ######.
R - Regeneration          Chrm/Necr      ###.......   1%          3    #......


Dungeon Overview and Level Annotations

Branches:
Dungeon (15/15)            Temple (0/1) D:5            Lair (6/6) D:9
 Shoals (0/4) Lair:2       Spider (4/4) Lair:2        Slime (0/5) Lair:6
    Orc (2/2) D:11            Elf (0/3) Orc:2        Vaults (0/5) D:13
 Depths (0/5) D:15

Altars:
Cheibriados
Fedhas
Hepliaklqana
Kikubaaqudgha
Okawaru
Yredelemnul
The Shining One

Shops:
D:7 *   D:15 ?[(   Orc:1 =   Orc:2 (([?

Portals:
Trove: D:14 (give 6 scrolls of blinking)

Annotations:
Spider:4 Mara


Innate Abilities, Weirdness & Mutations

You can breathe bolts of dispelling energy.
Your rich purple scales are hard. (AC +9)
You cannot fit into any form of body armour.
You are cold-blooded and may be slowed by cold attacks.


Message History

Mara is butt dead!
Mara hits you with a demon blade of flaming!!!
Mara burns you!
Your spectral orb spider passes through a web!
Unknown command!
Press: ? - help, Shift-Dir - straight line, f - Mara
Aim: Mara, wielding a demon blade of flaming and wearing a robe (almost dead) Butt breathe a bolt of dispelling energy!
The bolt of dispelling energy hits Mara!
Butt is almost dead!
The bolt of dispelling energy hits Mara!
Mara is almost dead!
You feel somewhat more hungry!
You hear an angry hiss!
Mara blinks!!!
Mara hits you with a demon blade of flaming!!!!!! * * * don't die
* * * Mara burns you!!! rip Your body rises from the dead as a mindless zombie!

# #. #
#..#. ##
...## R# #
.ยง@
.#.###
#R#R....#
######@.#
##.#<..Z.#
#......###
#.#..###
##.^..##
###...#
##..##
####.^##
#....##


You could see 3 Maras, Gorglomux's illusion and a friendly spectral orb spider.

Vanquished Creatures
  Frances (D:12)
  Kirke (D:13)
  Aizul (Spider:3)
  2 entropy weavers
  The ghost of Daviar the Spear-Bearer, a journeyman TeBe of Trog (Lair:5)
  Snorg (D:11)
  3 hydras
  A centaur warrior (D:13)
  3 catoblepae
  4 two-headed ogres
  A queen ant (Spider:1)
  Urug (D:11)
  A deep troll earth mage (D:10)
  An orc high priest (Bailey)
  A skeletal warrior (D:15)
  The ghost of braks the Tainter, a novice BaVM of Sif Muna (D:7)
  A phantasmal warrior (D:15)
  3 deep elf magi
  2 necromancers
  5 orc knights
  An orb spider (Spider:4)
  7 oklob plants
  An orc sorcerer (D:15)
  9 ugly things
  2 cyclopes
  8 wolf spiders
  A manticore (D:12)
  A centaur zombie (D:11)
  25 elephants
  3 merfolk sirens (Lair:2)
  Joseph (D:8)
  Maurice (D:8)
  4 black mambas
  2 gargoyles (D:15)
  2 molten gargoyles (Lair:6)
  6 spiny frogs
  A fire giant skeleton (D:15)
  7 komodo dragons
  5 yaktaurs (D:15)
  A kobold demonologist (Bailey)
  A tengu conjurer (D:14)
  2 demonic crawlers
  A guardian mummy (D:15)
  3 meliai (Lair:4)
  A merfolk (Lair:2)
  3 jumping spiders
  3 trolls
  A hornet (D:10)
  16 blink frogs
  Prince Ribbit (D:6)
  6 hippogriffs
  A spriggan zombie (D:15)
  Sigmund (D:6)
  8 tarantellas
  26 redbacks
  A spriggan (Lair:5)
  24 yaks
  4 hogs (D:13)
  A human (D:7)
  The ghost of theanonym the Sneak, an amateur SpEn (D:4)
  2 wraiths (D:15)
  3 basilisks
  3 hungry ghosts
  Eustachio (D:4)
  A wyvern (D:11)
  A steam dragon (Lair:6)
  4 vampire mosquitoes
  4 wargs
  Edmund (D:6)
  6 water moccasins
  A hell hound (Lair:6)
  8 soldier ants
  Duvessa (D:4)
  8 porcupines
  3 sky beasts
  Purgy (D:4)
  2 ice beasts
  46 orc warriors
  An eye of draining (shapeshifter) (D:14)
  13 ogres
  3 eyes of draining
  5 wolves (Lair:5)
  10 crocodiles
  17 centaurs
  3 big kobolds
  A wyvern zombie (D:7)
  12 bullfrogs
  A gnoll sergeant (D:11)
  A water moccasin zombie (Lair:4)
  A water moccasin skeleton (D:6)
  4 scorpions
  Dowan (D:4)
  39 killer bees
  14 wights
  6 electric eels
  2 bullfrog zombies
  3 jellies
  4 lava snakes (Lair:6)
  3 crimson imps
  2 hounds
  3 centaur skeletons
  15 orc priests
  A bullfrog skeleton (D:10)
  Jessica (D:3)
  5 iguanas
  Natasha (twice) (D:3)
  30 orc wizards
  A porcupine zombie (Lair:1)
  23 worker ants
  A killer bee zombie (D:10)
  6 gnolls
  A howler monkey skeleton (D:4)
  10 adders
  3 shadow imps
  An adder zombie (D:5)
  2 adder skeletons
  3 worms
  A dart slug (D:3)
  3 leopard geckos
  94 orcs
  3 giant cockroaches
  20 goblins
  14 hobgoblins
  8 jackals
  31 kobolds
  4 quokkas
  A ball python (D:4)
  9 bats
  5 frilled lizards
  A leopard gecko skeleton (D:7)
  A leopard gecko zombie (D:5)
  3 rats
  2 bushes (Lair:6)
  8 plants (Lair:6)
786 creatures vanquished.

Vanquished Creatures (collateral kills)
  Arachne (Spider:2)
  Jorgrun (Spider:3)
  Rupert (Lair:6)
  Asterion (Spider:3)
  3 ghost moths
  2 emperor scorpions (Spider:2)
  The ghost of Uhlv the Severer, a journeyman MiAr of Okawaru (Orc:2)
  A stone giant (D:10)
  3 entropy weavers
  A dire elephant (Lair:5)
  A fire dragon (Lair:6)
  Fannar (Lair:1)
  4 hydras
  A centaur warrior (D:13)
  3 two-headed ogres
  Nergalle (Lair:3)
  2 unseen horrors
  A tengu zombie (D:15)
  A lindwurm (Lair:6)
  7 ugly things
  A deep elf mage (D:14)
  9 orb spiders
  3 moths of wrath
  11 wolf spiders
  3 cyclopes
  A manticore (D:12)
  3 oklob plants (Lair:6)
  12 elephants
  4 black mambas (Lair:6)
  3 centaur zombies
  A torpor snail (Spider:2)
  A kobold demonologist (D:14)
  3 spiny frogs
  6 centaur skeletons
  A redback zombie (Spider:3)
  5 demonic crawlers
  2 queen bees
  6 komodo dragons
  4 trolls
  3 hornets
  18 jumping spiders
  A harpy skeleton (D:15)
  6 blink frogs
  3 hippogriffs
  A centaur simulacrum (D:14)
  2 hogs (D:13)
  29 redbacks
  5 tarantellas
  A wraith (D:12)
  9 yaks
  A water elemental (D:14)
  3 basilisks
  A human (D:7)
  2 steam dragons (Lair:6)
  A vampire mosquito (D:13)
  2 acid dragons
  11 soldier ants (Spider:1)
  3 hell hounds (Lair:6)
  A water moccasin (Lair:6)
  A tengu skeleton (D:15)
  4 porcupines
  A sky beast (D:10)
  12 orc warriors
  A phantom (D:9)
  4 ogres
  6 centaurs
  5 crocodiles
  3 big kobolds
  4 bullfrogs
  2 gnoll sergeants (D:11)
  A wyvern zombie (D:13)
  A wyvern skeleton (D:13)
  2 scorpions
  2 wights
  10 killer bees
  5 electric eels
  A lava snake (Lair:6)
  A bullfrog zombie (D:9)
  A hound (D:12)
  2 jellies
  A bullfrog skeleton (D:11)
  6 orc priests
  An iguana (D:14)
  17 worker ants
  6 orc wizards
  A killer bee zombie (D:8)
  A gnoll (D:11)
  A howler monkey skeleton (D:10)
  2 shadow imps
  A worm (D:2)
  30 orcs
  6 kobolds
  2 quokkas (D:9)
  3 goblins
  2 bushes (Lair:6)
  28 fungi
  22 plants
  2 withered plants (D:15)
420 creatures vanquished.

Vanquished Creatures (others)
  A ghoul (Orc:2)
  A skeletal warrior (Spider:1)
  A flayed ghost (Spider:3)
  An entropy weaver zombie (Spider:3)
  An ugly thing zombie (D:15)
  2 wolf spider zombies (Spider:1)
  2 phantasmal warriors
  2 human zombies
  6 redback zombies
  A demonic crawler (Spider:1)
  A demonic crawler zombie (Spider:1)
  A hydra zombie (Lair:6)
  2 tarantella zombies (Spider:1)
  A jumping spider zombie (Spider:3)
  A moth of wrath zombie (Spider:1)
  15 flying skulls
  A black mamba zombie (Lair:6)
  A wraith (D:11)
  2 orb spider zombies (Spider:1)
  3 spiny frog zombies
  4 elephant zombies
  A hornet zombie (Spider:1)
  3 blink frog zombies
  2 hog zombies (D:13)
  5 elephant skeletons (Lair:5)
  2 hippogriff zombies
  A gnoll sergeant (D:11)
  A komodo dragon zombie (Lair:6)
  A hell hound zombie (Lair:6)
  A water moccasin zombie (D:10)
  5 yak zombies
  2 warg zombies (D:15)
  A wight (D:10)
  A wolf zombie (Lair:5)
  2 bullfrog zombies
  2 soldier ant zombies (Spider:1)
  A porcupine zombie (Lair:4)
  A porcupine skeleton (Lair:4)
  11 killer bee zombies
  A big kobold zombie (D:11)
  2 worker ant zombies (Spider:1)
  A scorpion zombie (D:7)
  An iguana zombie (D:7)
  An iguana skeleton (D:14)
  A hobgoblin (D:1)
  2 gnoll zombies (D:11)
  3 goblin zombies (Bailey)
  A hobgoblin skeleton (Bailey)
  A kobold zombie (D:13)
  25 orc zombies
  54 fungi
  11 plants
  3 withered plants (D:15)
200 creatures vanquished.

Grand Total: 1406 creatures vanquished

Notes
Turn   | Place    | Note
-------+----------+-------------------------------------------
     0 | D:1      | Gorglomux the Draconian Artificer began the quest for the Orb.
     0 | D:1      | Reached XP level 1. HP: 16/16 MP: 3/3
   227 | D:1      | Reached XP level 2. HP: 23/24 MP: 4/4
  1158 | D:2      | Reached XP level 3. HP: 15/30 MP: 5/5
  1468 | D:2      | Reached skill level 3 in Fighting
  1526 | D:2      | Reached skill level 3 in Dodging
  1990 | D:2      | Reached XP level 4. HP: 37/38 MP: 6/6
  2459 | D:3      | Noticed Jessica
  2466 | D:3      | Killed Jessica
  2586 | D:3      | Reached XP level 5. HP: 43/46 MP: 7/7
  2763 | D:3      | Noticed Natasha
  2772 | D:3      | Killed Natasha
  2805 | D:3      | Found a hazy altar of Hepliaklqana.
  2805 | D:3      | Found a basalt altar of Yredelemnul.
  2815 | D:3      | Found a snail-covered altar of Cheibriados.
  2816 | D:3      | Found a glowing golden altar of the Shining One.
  2824 | D:3      | Became a worshipper of Yredelemnul the Dark
  2935 | D:3      | Noticed Natasha
  2946 | D:3      | Killed Natasha
  3015 | D:4      | Noticed Eustachio
  3041 | D:4      | Killed Eustachio
  3041 | D:4      | Reached XP level 6. HP: 16/56 MP: 8/8
  3361 | D:4      | Noticed a sky beast
  3380 | D:4      | Killed a sky beast
  3430 | D:4      | Noticed theanonym's ghost (amateur SpEn)
  3438 | D:4      | Killed theanonym's ghost
  3438 | D:4      | Reached skill level 6 in Fighting
  3438 | D:4      | Your scales start taking on a rich purple colour.
  3438 | D:4      | Reached XP level 7. HP: 63/63 MP: 9/9
  3620 | D:4      | Noticed Purgy
  3639 | D:4      | Killed Purgy
  4023 | D:4      | Noticed Dowan
  4028 | D:4      | Noticed Duvessa
  4056 | D:4      | Killed Dowan
  4056 | D:4      | Reached skill level 1 in Shields
  4219 | D:5      | Entered Level 5 of the Dungeon
  4541 | D:3      | Reached XP level 8. HP: 60/71 MP: 10/10
  4608 | D:4      | Killed Duvessa
  4608 | D:4      | Reached skill level 3 in Shields
  4720 | D:4      | Reached skill level 6 in Dodging
  5022 | D:5      | Reached skill level 1 in Invocations
  5590 | D:5      | Found an ancient bone altar of Kikubaaqudgha.
  5795 | D:5      | Found a staircase to the Ecumenical Temple.
  5823 | D:5      | Found a glowing golden altar of the Shining One.
  6433 | D:5      | Reached skill level 3 in Invocations
  6611 | D:6      | Reached * piety under Yredelemnul
  6909 | D:6      | Noticed Edmund
  7337 | D:6      | Reached XP level 9. HP: 44/81 MP: 11/11
  7407 | D:6      | Noticed Sigmund
  7510 | D:6      | Killed Sigmund
  7510 | D:6      | Reached skill level 3 in Short Blades
  7558 | D:6      | Noticed Prince Ribbit
  7563 | D:6      | Killed Prince Ribbit
  7650 | D:6      | Killed Edmund
  8129 | D:7      | Found an iron altar of Okawaru.
  8237 | D:7      | Reached skill level 6 in Short Blades
  8260 | D:7      | Found Mayj's Assorted Antiques.
  8283 | D:7      | Bought a twisted dagger for 203 gold pieces
  8283 | D:7      | Identified the cursed +1 dagger of Kayfaegoam {pierce, Str+4} (You bought it in a shop on level 7 of the Dungeon)
  8287 | D:7      | Bought a coppery potion for 26 gold pieces
  8287 | D:7      | Bought a sapphire potion for 26 gold pieces
  8287 | D:7      | Bought a sapphire potion for 26 gold pieces
  8438 | D:7      | Noticed braks's ghost (novice BaVM)
  8459 | D:7      | Killed braks's ghost
  8629 | D:7      | Reached ** piety under Yredelemnul
  8888 | D:8      | Noticed Joseph
  8917 | D:8      | Killed Joseph
  8917 | D:8      | Reached XP level 10. HP: 39/88 MP: 12/14
  9060 | D:8      | Found a basalt altar of Yredelemnul.
  9299 | D:8      | Reached skill level 6 in Evocations
  9714 | D:8      | Noticed Maurice
  9720 | D:8      | Reached *** piety under Yredelemnul
  9726 | D:8      | Killed Maurice
 10439 | D:9      | Received a gift from Yredelemnul (4 flying skulls)
 10440 | D:9      | Reached skill level 9 in Fighting
 10467 | D:9      | Found a staircase to the Lair.
 10951 | D:10     | Entered Level 10 of the Dungeon
 10976 | D:10     | Reached **** piety under Yredelemnul
 11172 | D:10     | Received a gift from Yredelemnul (a wight)
 11231 | D:10     | Noticed a two-headed ogre
 11246 | D:10     | Killed a two-headed ogre
 11246 | D:10     | Reached skill level 6 in Invocations
 11302 | D:10     | Noticed Urug
 11402 | D:10     | Reached XP level 11. HP: 97/97 MP: 15/15
 11497 | D:10     | Paralysed by a hornet for 1 turns
 11516 | D:10     | Noticed a deep troll earth mage
 11516 | D:10     | Noticed a stone giant
 11684 | D:10     | Noticed a deep elf mage
 11697 | D:10     | Killed a deep elf mage
 11882 | D:10     | Killed a deep troll earth mage
 11903 | D:10     | Learned a level 5 spell: Borgnjor's Vile Clutch
 11946 | D:11     | Killed Urug
 11946 | D:11     | Reached skill level 1 in Spellcasting
 11946 | D:11     | Reached skill level 1 in Necromancy
 11946 | D:11     | Reached skill level 1 in Earth Magic
 12180 | D:11     | Noticed a two-headed ogre
 12204 | D:11     | Killed a two-headed ogre
 12205 | D:11     | Received a gift from Yredelemnul (a wraith)
 12376 | D:11     | Reached skill level 3 in Spellcasting
 12600 | D:11     | Noticed Snorg
 12612 | D:11     | Killed Snorg
 12612 | D:11     | Reached skill level 3 in Necromancy
 12612 | D:11     | Reached skill level 3 in Earth Magic
 12662 | D:11     | Killed an unseen horror
 13140 | D:11     | Found a staircase to the Orcish Mines.
 13174 | D:11     | Reached ***** piety under Yredelemnul
 13175 | D:11     | Received a gift from Yredelemnul (2 flying skulls)
 13781 | Lair:1   | Entered Level 1 of the Lair of Beasts
 13796 | Lair:1   | Received a gift from Yredelemnul (a wraith)
 14075 | Lair:1   | Reached XP level 12. HP: 78/106 MP: 19/19
 14345 | Lair:1   | Noticed Fannar
 14367 | Lair:1   | Killed Fannar
 14746 | Lair:2   | Found a staircase to the Shoals.
 14960 | Lair:2   | Reached skill level 6 in Spellcasting
 15091 | Lair:2   | Noticed a six-headed hydra
 15100 | Lair:2   | Killed a six-headed hydra
 15100 | Lair:2   | Reached skill level 6 in Earth Magic
 15161 | Lair:2   | Noticed a five-headed hydra
 15171 | Lair:2   | Killed a five-headed hydra
 15171 | Lair:2   | Reached skill level 6 in Necromancy
 15248 | Lair:2   | Received a gift from Yredelemnul (2 flying skulls)
 15423 | Lair:2   | Found a hole to the Spider Nest.
 16242 | Lair:3   | Reached XP level 13. HP: 112/113 MP: 25/25
 16330 | Lair:3   | Noticed Nergalle
 16339 | Lair:3   | Killed Nergalle
 16629 | Lair:3   | Learned a level 3 spell: Regeneration
 16809 | Lair:4   | Reached skill level 9 in Spellcasting
 17057 | Lair:4   | Received a gift from Yredelemnul (a phantasmal warrior)
 17468 | Lair:4   | Received a gift from Yredelemnul (5 flying skulls)
 17824 | Lair:4   | Reached skill level 9 in Necromancy
 17825 | Lair:4   | Reached skill level 9 in Earth Magic
 17938 | Lair:5   | Reached ****** piety under Yredelemnul
 18193 | Lair:5   | Received a gift from Yredelemnul (a wraith)
 18198 | Lair:5   | Noticed Daviar's ghost (journeyman TeBe)
 18225 | Lair:5   | Killed Daviar's ghost
 18345 | Lair:5   | Noticed a dire elephant
 18359 | Lair:5   | Killed a dire elephant
 18711 | Lair:6   | Entered Level 6 of the Lair of Beasts
 18747 | Lair:6   | Reached XP level 14. HP: 71/121 MP: 26/29
 18884 | Lair:6   | Received a gift from Yredelemnul (3 flying skulls)
 18927 | Lair:6   | Noticed Rupert
 18944 | Lair:6   | Paralysed by Rupert for 4 turns
 18945 | Lair:6   | Killed Rupert
 18945 | Lair:6   | Reached skill level 9 in Dodging
 19158 | Lair:6   | Received a gift from Yredelemnul (a skeletal warrior)
 19268 | Lair:6   | Found a large runed door.
 19269 | Lair:6   | Found a large runed door.
 19423 | Lair:6   | Found a staircase to the Slime Pits.
 20246 | D:9      | Upgraded the game from 0.22-a0-21-g9421e3f to 0.22-a0-32-ga749362
 20361 | D:12     | Received a gift from Yredelemnul (a vampire)
 20368 | D:12     | Noticed Frances
 20381 | D:12     | Killed Frances
 20491 | D:12     | Received a gift from Yredelemnul (a vampire knight)
 20755 | D:12     | Your ally Frances died
 20881 | D:12     | Found a blossoming altar of Fedhas.
 21067 | D:13     | Reached skill level 9 in Invocations
 21097 | D:13     | Received a gift from Yredelemnul (a phantasmal warrior)
 21179 | D:13     | Found a flagged portal.
 21204 | Bailey   | Entered a bailey
 21333 | Bailey   | Found an iron altar of Okawaru.
 21411 | Bailey   | Received a gift from Yredelemnul (a skeletal warrior)
 21458 | Bailey   | Found the +10 dark maul {crush}
 21649 | Bailey   | Received a gift from Yredelemnul (a flayed ghost)
 21766 | Bailey   | Learned a level 6 spell: Death Channel
 21987 | D:13     | Noticed Kirke
 22001 | D:13     | Killed Kirke
 22235 | D:13     | Reached XP level 15. HP: 110/132 MP: 27/30
 22332 | D:13     | Received a gift from Yredelemnul (a vampire knight)
 22569 | D:13     | Found a gate to the Vaults.
 22811 | D:14     | Received a gift from Yredelemnul (a ghoul)
 22902 | D:14     | Received a gift from Yredelemnul (a phantasmal warrior)
 22907 | D:14     | Reached skill level 12 in Fighting
 22961 | D:14     | Received a gift from Yredelemnul (a vampire knight)
 23390 | D:14     | Found a portal to a secret trove of treasure.
 23441 | D:15     | Entered Level 15 of the Dungeon
 23468 | D:15     | Found Ohiemmuah's Antique Weapon Shop.
 23473 | D:15     | Bought a polished dagger for 224 gold pieces
 23475 | D:15     | Identified the +5 dagger "Yrieb" {vamp, Str+2 Int+2 Dex-3} (You bought it in a shop on level 15 of the Dungeon)
 23485 | D:15     | Found Tetoho Cais's Armour Shoppe.
 23657 | D:15     | Reached skill level 12 in Necromancy
 23663 | D:15     | Received a gift from Yredelemnul (a vampire)
 23704 | D:15     | Found a staircase to the Depths.
 23813 | D:15     | Found Kepap's Magic Scroll Shoppe.
 23825 | D:15     | Bought a scroll of enchant weapon for 90 gold pieces
 23825 | D:15     | Bought a scroll of random uselessness for 12 gold pieces
 23825 | D:15     | Bought a scroll of fog for 24 gold pieces
 23825 | D:15     | Bought a scroll of torment for 90 gold pieces
 24138 | Orc:1    | Entered Level 1 of the Orcish Mines
 24142 | Orc:1    | Received a gift from Yredelemnul (a skeletal warrior)
 24379 | Orc:2    | Entered Level 2 of the Orcish Mines
 24398 | Orc:2    | Received a gift from Yredelemnul (a ghoul)
 24454 | Orc:2    | Found a staircase to the Elven Halls.
 24457 | Orc:2    | Noticed Uhlv's ghost (journeyman MiAr)
 24490 | Orc:2    | Killed Uhlv's ghost
 24637 | Orc:2    | Found Vynna's Armour Boutique.
 24637 | Orc:2    | Found Mecweob's Weapon Shoppe.
 24643 | Orc:2    | Found Adghaamo's Weapon Emporium.
 24649 | Orc:2    | Found Koaky's Magic Scroll Shop.
 24678 | Orc:2    | Bought a scroll of blinking for 105 gold pieces
 24678 | Orc:2    | Bought a scroll of teleportation for 42 gold pieces
 24678 | Orc:2    | Bought a scroll of enchant weapon for 105 gold pieces
 24678 | Orc:2    | Bought a scroll of teleportation for 42 gold pieces
 24678 | Orc:2    | Bought a scroll of blinking for 105 gold pieces
 24711 | Orc:2    | Received a gift from Yredelemnul (a bone dragon)
 25181 | Orc:1    | Found Sylefaw's Jewellery Boutique.
 25491 | Spider:1 | Entered Level 1 of the Spider Nest
 25514 | Spider:1 | Received a gift from Yredelemnul (a ghoul)
 25676 | Spider:1 | Received a gift from Yredelemnul (a phantasmal warrior)
 25683 | Spider:1 | Reached XP level 16. HP: 133/143 MP: 0/31
 25881 | Spider:1 | Received a gift from Yredelemnul (a profane servitor)
 26466 | Spider:2 | Received a gift from Yredelemnul (a vampire knight)
 26546 | Spider:2 | Noticed Arachne
 26569 | Spider:2 | Killed Arachne
 27112 | Spider:3 | Noticed Aizul
 27122 | Spider:3 | Received a gift from Yredelemnul (a flayed ghost)
 27124 | Spider:3 | Killed Aizul
 27124 | Spider:3 | Reached skill level 12 in Invocations
 27156 | Spider:3 | Killed Jorgrun
 27158 | Spider:3 | Received a gift from Yredelemnul (a flayed ghost)
 27245 | Spider:3 | Reached skill level 12 in Dodging
 27333 | Spider:3 | Received a gift from Yredelemnul (a phantasmal warrior)
 27335 | Spider:3 | Noticed Asterion
 27343 | Spider:3 | Noticed an Executioner
 27347 | Spider:3 | Killed Asterion
 27819 | Spider:4 | Entered Level 4 of the Spider Nest
 27849 | Spider:4 | Noticed Mara
 27862 | Spider:4 | Noticed Gorglomux's illusion
 27863 | Spider:4 | Slain by Mara (illusionary)

Vault maps used:
D:1:      ncdulo_smallfort, st_stairs_14, lemuel_another_geyser
D:2:      hangedman_decor_clover_reticule
D:3:      minitemple, first_ration, uniq_jessica, uniq_natasha
D:4:      uniq_purgy, uniq_duvessa, uniq_eustachio
D:5:      minmay_temple_entry_purple_smoke, basic_altar, kennysheep_doodads,
          minmay_ruined_shrine
D:6:      uniq_sigmund, uniq_edmund, uniq_prince_ribbit1
D:7:      okawaru_humans, serial_shops, shop, serial_bayou_pond_c,
          uniq_crazy_yiuf_cottage
D:8:      basic_altar, david_nohive_1, uniq_joseph, uniq_maurice
D:9:      due_lair_maze_entry_diamond
D:10:     minmay_sliced_demisemicircle, uniq_urug
D:11:     kennysheep_orc_monster_closet_entryway, uniq_snorg
D:12:     fedhas_bush_and_centaur_altar, uniq_frances
D:13:     david_vaults_1, enter_bailey_3, st_stairs_3, uniq_kirke
D:14:     nicolae_trove_entry_crossroad
D:15:     gammafunk_depths_entry_grave, special_room, serial_shops, shop, shop,
          shop
Lair:1:   minivault_11, st_stairs_5, uniq_fannar
Lair:2:   elwin_shoals_entry_stream, nicolae_spider_entry_tight_spaces
Lair:3:   minmay_lair_oklob_chamber, uniq_nergalle
Lair:5:   mu_elephants_graveyard
Lair:6:   cheibrodos_lair_end_hotspot, minmay_slime_entry_oklob_open,
          serial_bayou, serial_bayou_crossing, serial_bayou_lagoon_a,
          serial_bayou_pond_b, serial_bayou_pond_e, disabler_island, uniq_rupert
Spider:1: zaba_anthell
Spider:2: uniq_arachne
Spider:3: uniq_jorgrun, uniq_asterion, uniq_aizul
Spider:4: grunt_spider_rune_circles, uniq_mara
Orc:1:    serial_shops, shop_coins
Orc:2:    st_orc_rangers
Bailey:   bailey_axe_of_yendor_kennysheep, bailey

Skill      XL: |  1  2  3  4  5  6  7  8  9 10 11 12 13 14 15 16 |
---------------+-------------------------------------------------+-----
Dodging        | 2 3 4 5 6 8 10 11 12 | 12.1
Fighting       | 2 3 5 6 8 9 10 11 13 | 13.8
Shields        | 2 4 |  4.0
Invocations    | 3 6 9 11 12 | 12.2
Short Blades   | 8 |  8.1
Evocations     | 5 6 |  6.0
Spellcasting   | 5 8 11 | 11.0
Necromancy     | 4 7 10 11 12 13 | 13.3
Earth Magic    | 4 7 10 | 10.1
Stealth        | |  0.8

Action                   |  1- 3 |  4- 6 |  7- 9 | 10-12 | 13-15 | 16-18 || total
-------------------------+-------+-------+-------+-------+-------+-------++-------
Melee: Short sword       |    64 |       |       |       |       |       ||    64
       Tailslap          |    15 |    16 |    85 |   228 |   186 |    22 ||   552
       Dagger            |    58 |   138 |   578 |  1159 |  1005 |   122 ||  3060
 Fire: Blowgun           |       |       |    10 |       |       |       ||    10
 Cast: Borgnjor's Vile C |       |       |       |    11 |   142 |    14 ||   167
       Regeneration      |       |       |       |       |     4 |       ||     4
       Death Channel     |       |       |       |       |    19 |     9 ||    28
Invok: Animate Remains   |       |       |     8 |     6 |       |       ||    14
       Animate Dead      |       |       |       |    30 |    71 |    22 ||   123
       Recall Undead Sla |       |       |       |     2 |     2 |     3 ||     7
       Drain Life        |       |       |       |       |     2 |     4 ||     6
       Stop Recall       |       |       |       |       |       |     2 ||     2
 Abil: Breathe Dispellin |       |       |    16 |     7 |     4 |     1 ||    28
Evoke: Wand              |     6 |     2 |     8 |    19 |     3 |     1 ||    39
  Use: Scroll            |       |     3 |     8 |    14 |    12 |     1 ||    38
       Potion            |       |       |       |     2 |       |     2 ||     4
 Stab: Sleeping          |     1 |       |     7 |     3 |     2 |       ||    13
       Paralysed         |       |       |     2 |     4 |       |       ||     6
       Distracted        |       |       |     1 |     5 |    20 |     4 ||    30
       Petrified         |       |       |       |       |     2 |       ||     2
  Eat: Chunk             |     3 |     5 |    17 |    26 |    62 |    15 ||   128
       Ration            |       |       |     2 |     4 |    13 |     2 ||    21
Armor: Skin              |    32 |    42 |   110 |   139 |   165 |    47 ||   535
Dodge: Dodged            |    92 |    81 |   335 |   558 |   595 |   121 ||  1782
Block: Other             |       |       |    13 |       |       |       ||    13
       Buckler           |       |       |    28 |   357 |   321 |    60 ||   766

Table legend:
 A = Spawn XP
 B = Non-spawn XP
 C = Spawn XP percentage of total XP
 D = Spawn monster count
 E = Non-spawn monster count
 F = Spawn count percentage of total count
 G = Total turns spent on level
                    A         B        C        D         E        F      G
               +---------+---------+-------+---------+---------+-------+---------
         Total |       0 |  190643 |   0.0 |       0 |    1140 |   0.0 | 27863
               +---------+---------+-------+---------+---------+-------+---------
           D:1 |       0 |      32 |   0.0 |       0 |      20 |   0.0 |   852
           D:2 |       0 |      73 |   0.0 |       0 |      23 |   0.0 |  1772
           D:3 |       0 |     313 |   0.0 |       0 |      21 |   0.0 |   716
           D:4 |       0 |    1308 |   0.0 |       0 |      27 |   0.0 |  1513
           D:5 |       0 |     709 |   0.0 |       0 |      21 |   0.0 |  1594
           D:6 |       0 |    1172 |   0.0 |       0 |      21 |   0.0 |  1639
           D:7 |       0 |    1911 |   0.0 |       0 |      29 |   0.0 |   800
           D:8 |       0 |    2879 |   0.0 |       0 |      56 |   0.0 |  1291
           D:9 |       0 |    1211 |   0.0 |       0 |      25 |   0.0 |   883
          D:10 |       0 |    5404 |   0.0 |       0 |      34 |   0.0 |  1082
          D:11 |       0 |    7472 |   0.0 |       0 |      45 |   0.0 |  1872
          D:12 |       0 |    7380 |   0.0 |       0 |      40 |   0.0 |   736
          D:13 |       0 |   14376 |   0.0 |       0 |      69 |   0.0 |   909
          D:14 |       0 |    8645 |   0.0 |       0 |      41 |   0.0 |   764
          D:15 |       0 |   14031 |   0.0 |       0 |      75 |   0.0 |   627
        Lair:1 |       0 |    2478 |   0.0 |       0 |      11 |   0.0 |   884
        Lair:2 |       0 |    9174 |   0.0 |       0 |      34 |   0.0 |  1541
        Lair:3 |       0 |    6583 |   0.0 |       0 |      23 |   0.0 |  1060
        Lair:4 |       0 |    9642 |   0.0 |       0 |      53 |   0.0 |  1168
        Lair:5 |       0 |   13379 |   0.0 |       0 |      43 |   0.0 |   869
        Lair:6 |       0 |   21177 |   0.0 |       0 |      70 |   0.0 |  1434
      Spider:1 |       0 |   18603 |   0.0 |       0 |     100 |   0.0 |   519
      Spider:2 |       0 |   10513 |   0.0 |       0 |      30 |   0.0 |   600
      Spider:3 |       0 |   17323 |   0.0 |       0 |      55 |   0.0 |   762
      Spider:4 |       0 |     605 |   0.0 |       0 |       1 |   0.0 |    44
         Orc:1 |       0 |    3151 |   0.0 |       0 |      44 |   0.0 |   464
         Orc:2 |       0 |    7811 |   0.0 |       0 |      87 |   0.0 |   723
        Bailey |       0 |    3288 |   0.0 |       0 |      42 |   0.0 |   745
               +---------+---------+-------+---------+---------+-------+---------
